 Dungeon Crawl Stone Soup version 0.29-a0-1052-g6990b1bffc (webtiles) character file.

Game seed: 17282657580359994486

247 Nedwor the Covered (level 6, -12/48 HPs)
             Began as a Human Fighter on Aug 17, 2022.
             Mangled by Edmund
             ... wielding a +4 dire flail of distortion
              (13 damage)
             ... on level 4 of the Dungeon.
             The game lasted 00:03:57 (3848 turns).

Nedwor the Covered (Human Fighter)                  Turns: 3848, Time: 00:03:57

Health: -12/48     AC:  8    Str: 17    XL:     6   Next: 34%
Magic:  6/6        EV:  9    Int:  8    God:
Gold:   170        SH:  5    Dex: 14    Spells: 5/5 levels left

rFire   . . .      SeeInvis .   a - +0 long sword {KELB}
rCold   . . .      Faith    .   c - +0 buckler
rNeg    . . .      Spirit   .   b - +0 scale mail
rPois   .          Reflect  .   (no helmet)
rElec   .          Harm     .   (no cloak)
rCorr   .          Rampage  .   m - +0 pair of gloves
Will    .....                   (no boots)
Stlth   ..........              (no amulet)
HPRegen 0.16/turn               (no ring)
MPRegen 0.10/turn               (no ring)

@: no status effects
A: no striking features
a: no special abilities


You were on level 4 of the Dungeon.
You visited 1 branch of the dungeon, and saw 4 of its levels.

You collected 170 gold pieces.

Inventory:

Hand Weapons
 a - a +0 long sword (weapon) {KELB}
 o - a +1 dagger of holy wrath
Armour
 b - a +0 scale mail (worn)
 c - a +0 buckler (worn)
 m - a +0 pair of gloves (worn)
Scrolls
 f - 6 scrolls of identify {unknown}
 i - a scroll of butterflies {unknown}
 k - 4 scrolls of teleportation {unknown}
 l - a scroll of amnesia {unknown}
 n - a scroll of immolation {unknown}
Potions
 d - a potion of might
 e - a potion of heal wounds {unknown}
 g - a potion of lignification {unknown}
 h - 2 potions of mutation {unknown}
 j - a potion of attraction {unknown}


   Skills:
 + Level 3.7 Fighting
 * Level 1.3(2.6) Short Blades
 - Level 3.5(3.6) Long Blades
 + Level 3.8 Armour
 + Level 2.0 Dodging
 + Level 3.8 Shields


You had 5 spell levels left.
You didn't know any spells.
Your spell library was empty.

Dungeon Overview and Level Annotations

Branches:
Dungeon (4/15)
 Temple: D:4-7

Altars:
Fedhas
Kikubaaqudgha

Annotations:
D:4 Edmund


Message History

Your Dodging skill increases to level 2!
You see here an iguana corpse.
Key pressed, stopping explore.
Found a stone staircase leading down.
Edmund the Younger comes into view.
He is wielding a +4 dire flail of distortion and carrying a wand of quicksilver (5).
Edmund shouts!
Your +1 dagger of holy wrath stops glowing.
a - a +0 long sword (weapon)
{KELB} Edmund zaps a wand.
The bolt of dispelling energy misses you.
Edmund grinds his teeth, and then sighs.
You block Edmund's attack.
You hit Edmund but do no damage.
Edmund hits you with a +4 dire flail of distortion!
Space warps horribly around you!
You are too injured to fight recklessly!
You are too injured to fight recklessly!
You are too injured to fight recklessly!
You are too injured to fight recklessly!
You are too injured to fight recklessly!
You are too injured to fight recklessly!
You are too injured to fight recklessly!
You are too injured to fight recklessly!
You are too injured to fight recklessly!
You are too injured to fight recklessly!
You are too injured to fight recklessly!
You barely miss Edmund.
Edmund zaps a wand.
The bolt of dispelling energy hits you!
* * * LOW HITPOINT WARNING * * *
Edmund barely misses you.
You hit Edmund.
Edmund is lightly wounded.
Edmund zaps a wand.
The bolt of dispelling energy hits you.
* * * LOW HITPOINT WARNING * * *
You closely miss Edmund.
Edmund is lightly wounded.
Edmund hits you with a +4 dire flail of distortion.
* * * LOW HITPOINT WARNING * * *
Space warps horribly around you!
You die...

......# +
......(.+ ..
..........# ..
.#.......## #.
###.....## .## #
##...## ..# # #+#
#.# # #.# #@# #
#.# #@# ## ##.##
#.#
.###...#########.#
.##.....>........#
.###...#.##.###.##
............# #.#
..###.##.#### #.#
#.# #.##.######.#
#.# #.##........#


You could see Edmund.

Vanquished Creatures
  A phantom (D:4)
  An iguana (D:4)
  An orc wizard (D:3)
  A gnoll (D:1)
  3 adders
  A worm (D:2)
  3 dart slugs
  8 orcs (D:3)
  3 ball pythons
  3 endoplasms
  7 giant cockroaches
  6 goblins
  6 hobgoblins
  4 jackals (D:1)
  6 quokkas
  9 bats
  2 kobolds
  3 rats
68 creatures vanquished.

Notes
Turn   | Place    | Note
-------+----------+-------------------------------------------
     0 | D:1      | Nedwor the Human Fighter began the quest for the Orb.
     0 | D:1      | Reached XP level 1. HP: 18/18 MP: 1/1
    75 | D:1      | Reached XP level 2. HP: 16/24 MP: 2/2
   279 | D:1      | Reached XP level 3. HP: 29/29 MP: 3/3
  1099 | D:2      | Found a blossoming altar of Fedhas.
  1124 | D:2      | Reached skill level 1 in Dodging
  1292 | D:2      | Reached XP level 4. HP: 34/35 MP: 4/4
  1303 | D:2      | Found a faded altar of an unknown god.
  2336 | D:3      | Reached XP level 5. HP: 41/41 MP: 5/5
  2952 | D:3      | Found an ancient bone altar of Kikubaaqudgha.
  3430 | D:4      | Noticed a phantom
  3438 | D:4      | Killed a phantom
  3439 | D:4      | Reached skill level 1 in Short Blades
  3439 | D:4      | Reached XP level 6. HP: 37/48 MP: 6/6
  3837 | D:4      | Noticed Edmund
  3847 | D:4      | HP: 2/48 [Edmund/bolt of dispelling energy (6)]
  3848 | D:4      | Mangled by Edmund

Illustrated notes

Levels and vault maps discovered:
D:1:      dpeg_arrival_oval, layout_loops_ring
D:2:      layout_basic, basic_altar, hellmonk_ecumenical_altar_lost_god
D:3:      layout_basic, general_overflow_altar, kennysheep_generic_room_15
D:4:      layout_loops_corners, kennysheep_mini_moat, temple_doors_cd,
          nrook_mini_vaults, minmay_ogre_servants, uniq_edmund

Skill      XL: |  1  2  3  4  5  6 |
---------------+-------------------+-----
Dodging        | 1 2 |  2.0
Long Blades    | 3 |  3.5
Short Blades   | 1 |  1.3
Fighting       | |  3.7
Armour         | |  3.8
Shields        | |  3.8

Action                   |  1- 3 |  4- 6 || total
-------------------------+-------+-------++-------
Melee: Long sword        |    93 |   146 ||   239
       Dagger            |       |    39 ||    39
Armor: Scale mail        |    70 |    77 ||   147
Dodge: Dodged            |    71 |    84 ||   155
Block: Buckler           |    44 |    38 ||    82

Table legend: (Time is in decaauts)
 A = Elapsed time spent in this place.
 B = Non-inter-level travel time spent in this place.
 C = Inter-level travel time spent in this place.
 D = Time resting spent in this place.
 E = Time spent auto-exploring this place.
 F = Levels seen in this place.
 G = Mean time per level.
                   A        B        C        D        E       F      G
               +--------+--------+--------+--------+--------+-----+--------+
         Total |   3914 |   3822 |     92 |     66 |   3166 |   4 |  978.5 |
       Dungeon |   3914 |   3822 |     92 |     66 |   3166 |   4 |  978.5 |
               +--------+--------+--------+--------+--------+-----+--------+

Top non-repeatable levels by time:
     D:3: 1419 daAuts
     D:2: 1069 daAuts
     D:1: 1011 daAuts
     D:4: 415 daAuts
